 Dungeon Crawl Stone Soup version 0.19.0-22-gd96e5fe (webtiles) character file.

29 esc the Vandal (level 3, 27/27 HPs)
             Began as a Demonspawn Hunter on Nov 18, 2016.
             Quit the game on level 2 of the Dungeon.
             The game lasted 00:01:12 (736 turns).

esc the Vandal (Demonspawn Hunter)                   Turns: 736, Time: 00:01:13

Health: 27/27      AC:  3    Str: 13    XL:     3   Next: 1%
Magic:  3/3        EV: 12    Int: 12    God:
Gold:   51         SH:  0    Dex: 13    Spells: 0 memorised, 2 levels left

rFire  . . .     SeeInvis .     a - +1 hunting sling
rCold  . . .     Gourm    .     c - +0 leather armour
rNeg   . . .     Faith    .     (no shield)
rPois  .         Spirit   .     (helmet restricted)
rElec  .         Reflect  .     (no cloak)
rCorr  .         Harm     .     (no gloves)
MR     .....                    (no boots)
Stlth  ++........               (no amulet)
                                (no ring)
                                (no ring)

@: no status effects
A: antennae 1, nightstalker 1
a: no special abilities


You were on level 2 of the Dungeon.
You were not hungry.

You visited 1 branch of the dungeon, and saw 2 of its levels.

You collected 51 gold pieces.

Inventory:

Hand Weapons
 a - a +1 hunting sling (weapon)
 b - a +0 short sword
Missiles
 d - 2 sling bullets (quivered)
 m - 2 stones
Armour
 c - a +0 leather armour (worn)
Scrolls
 e - a scroll of remove curse {unknown}
 i - a scroll of blinking {unknown}
 k - 2 scrolls of identify {unknown}
 l - a scroll of recharging {unknown}
 r - a scroll of magic mapping {unknown}
Potions
 j - 2 potions of might {unknown}
 n - a potion of mutation {unknown}
 o - a potion of flight {unknown}
 q - a potion of lignification {unknown}
Comestibles
 f - a bread ration {@e1}
 g - 2 meat rations {@e2}
 h - a slice of pizza
 p - 6 chunks of flesh {@w0}


   Skills:
 - Level 2.0 Fighting
 + Level 4.5 Slings
 - Level 1.7 Dodging
 - Level 0.8 Stealth


You had 2 spell levels left.
You didn't know any spells.

Dungeon Overview and Level Annotations

Branches:
Dungeon (2/15)

Altars:


Innate Abilities, Weirdness & Mutations

You have a pair of small antennae on your head.
You are slightly more attuned to the shadows.


Message History

d - 17 sling bullets (gained 1)
You see here a rat skeleton.
Done exploring.
There is a shaft here.
There is a stone staircase leading down here.
You climb downwards.
A leopard gecko and an ooze come into view.
Found a stone staircase leading up.
There is a stone staircase leading up here.
Aim: an ooze (resting)
You shoot a sling bullet. The sling bullet hits the ooze.
The ooze quivers.
Aim: an ooze (moderately wounded)
You shoot a sling bullet. The sling bullet hits the ooze.
The ooze barely misses you.
Aim: an ooze (heavily wounded)
You shoot a sling bullet. The sling bullet hits the ooze!
You kill the ooze!
Aim: a leopard gecko (resting)
You shoot a sling bullet.
The sling bullet hits the leopard gecko!
You kill the leopard gecko!
No target in view!
No target in view!
No target in view!
No target in view!
d - 15 sling bullets (gained 2)
Found a stone staircase leading down.
d - 16 sling bullets (gained 1)
You see here a leopard gecko corpse.
You butcher the leopard gecko corpse.
p - 6 chunks of flesh {@w0} (gained 2)
d - 17 sling bullets (gained 1)
A kobold comes into view.
Aim: a kobold (resting)
You shoot a sling bullet.
The sling bullet hits the kobold but does no damage.
The kobold shouts!
Aim: a kobold You shoot a sling bullet.
The sling bullet closely misses the kobold.
A hobgoblin comes into view. It is wielding a club.
Aim: a kobold You shoot a sling bullet.
The hobgoblin shouts!
The sling bullet hits the kobold.
You kill the kobold!
Aim: a hobgoblin, wielding a club You shoot a sling bullet.
The sling bullet hits the hobgoblin.
You kill the hobgoblin!
No target in view!
No target in view!
No target in view!
No target in view!
A worm comes into view.
Aim: a worm (hasn't noticed you)
You shoot a sling bullet.
The sling bullet barely misses the worm.
Aim: a worm You shoot a sling bullet.
The sling bullet hits the worm but does no damage.
Aim: a worm You shoot a sling bullet.
The sling bullet hits the worm but does no damage.
Aim: a worm You shoot a sling bullet.
The sling bullet hits the worm.
Aim: a worm (moderately wounded)
You shoot a sling bullet.
The sling bullet hits the worm but does no damage.
Aim: a worm (moderately wounded)
You shoot a sling bullet. The sling bullet hits the worm.
Aim: a worm (moderately wounded)
You shoot a sling bullet. The sling bullet hits the worm.
Aim: a worm (moderately wounded)
You shoot a sling bullet. The sling bullet hits the worm.
Aim: a worm (heavily wounded)
You shoot a sling bullet.
The sling bullet barely misses the worm.
Aim: a worm (heavily wounded)
You shoot a sling bullet. The sling bullet hits the worm.
Aim: a worm (severely wounded)
You shoot a sling bullet.
The sling bullet barely misses the worm.
Aim: a worm (severely wounded)
You shoot a sling bullet. The sling bullet hits the worm.
The worm closely misses you.
Aim: a worm (severely wounded)
You shoot a sling bullet.
The sling bullet barely misses the worm.
Aim: a worm (severely wounded)
You shoot a stone. The stone hits the worm.
You kill the worm!
You have reached level 3!
Your experience leads to an increase in your attributes!
Increase (S)trength, (I)ntelligence, or (D)exterity?
You feel stronger.
Your demonic ancestry asserts itself...
You slip into the darkness of the dungeon.
Health restored: 27; MP restored: 3
d - 2 sling bullets
r - a scroll labeled HYREXI LOEGUS

.......###...........#
.......>...#.........#
...........#.........#
.........###......<..#
.........# #.........#
.........# ##.......##
.........# ##.....##
.#......## #######
.....(@(.# .#.((....#
#((.....# ..(.....##
.(#...... #(###..###
....


There were no monsters in sight!

Vanquished Creatures
  An ooze (D:2)
  A worm (D:2)
  A leopard gecko (D:2)
  A bat (D:1)
  2 giant cockroaches (D:1)
  3 goblins (D:1)
  4 hobgoblins
  3 kobolds
  A frilled lizard (D:1)
  2 rats (D:1)
19 creatures vanquished.

Notes
Turn   | Place    | Note
-------+----------+-------------------------------------------
     0 | D:1      | esc the Demonspawn Hunter began the quest for the Orb.
     0 | D:1      | Reached XP level 1. HP: 16/16 MP: 1/1
   200 | D:1      | Reached skill level 4 in Slings
   349 | D:1      | Gained mutation: You have a pair of small antennae on your head. [demonic ancestry]
   349 | D:1      | Reached XP level 2. HP: 22/22 MP: 2/2
   731 | D:2      | Gained mutation: You are slightly more attuned to the shadows. [demonic ancestry]
   731 | D:2      | Reached XP level 3. HP: 27/27 MP: 3/3
   736 | D:2      | Quit the game

Skill      XL: |  1 |
---------------+----+-----
Slings         | 4 |  4.5
Fighting       | |  2.0
Dodging        | |  1.7
Stealth        | |  0.8

Action                   || total
-------------------------++-------
 Fire: Hunting sling     ||    53
Armor: Leather armour    ||     1
Dodge: Dodged            ||     6

Vault maps used:
D:1:      doesnt_arrival_eight_statues, minivault_11
D:2:      makhleb_blood_cavern_becter

Table legend:
 A = Turns spent in this place as a percentage of turns spent in the entire game.
 B = Non-inter-level travel turns spent in this place as a percentage of non-inter-level travel turns spent in the entire game.
 C = Inter-level travel turns spent in this place as a percentage of turns spent in this place.
 D = Turns resting spent in this place as a percentage of non-inter-level travel turns spent in this place.
 E = Turns spent auto-exploring this place as a percentage of non-inter-level travel turns spent in this place.
 F = Non-inter-level travel turns spent in this place divided by the number of levels of this place that you've seen.
                   A       B       C       D       E      F
               +-------+-------+-------+-------+-------+----------------------
         Total | 100.0 | 100.0 |   0.6 |   0.0 |  18.4 |  81.5
       Dungeon | 100.0 | 100.0 |   0.6 |   0.0 |  18.4 |  81.5
               +-------+-------+-------+-------+-------+----------------------

Table legend:
 A = Kills in this place as a percentage of kills in entire the game.
 B = Kills by you in this place as a percentage of kills by you in the entire game.
 C = Kills by friends in this place as a percentage of kills by friends in the entire game.
 D = Other kills in this place as a percentage of other kills in the entire game.
 E = Experience gained in this place as a percentage of experience gained in the entire game.
 F = Experience gained in this place divided by the number of levels of this place that you have seen.
                   A       B       C       D       E      F
               +-------+-------+-------+-------+-------+----------------------
         Total | 100.0 | 100.0 |  -nan |  -nan | 100.0 |  21.0
       Dungeon | 100.0 | 100.0 |  -nan |  -nan | 100.0 |  21.0
               +-------+-------+-------+-------+-------+----------------------
